 Dungeon Crawl Stone Soup version 0.31-a0-640-g39d97e502b (webtiles) character file.

Game seed: 5463228585405995823

10114 ryw the Grappler (level 11, -6/111 HPs)
             Began as a Troll Fighter on Aug 28, 2023.
             Was a High Priest of Okawaru.
             Killed from afar by a tengu conjurer (21 damage)
             ... with a bolt of lightning
             ... in a Gauntlet.
             The game lasted 00:14:49 (8477 turns).

ryw the Grappler (Troll Fighter)                    Turns: 8477, Time: 00:14:50

Health: -6/111     AC: 12    Str: 29    XL:     11   Next: 31%
Magic:  6/12       EV: 10    Int:  8    God:    Okawaru [*****.]
Gold:   582        SH: 11    Dex:  8    Spells: 10/10 levels left

rFire   + +          .
                       - Unarmed
rCold   + . .        b - +1 kite shield
rNeg    . . .        s - +0 steam dragon scales
rPois   .            (helmet restricted)
rElec   .            k - +0 cloak
rCorr   .            (gloves unavailable)
SInv    .            (boots unavailable)
Will    .....        p - amulet of regeneration
Stlth   ++           m - ring of protection from fire
HPRegen 1.98/turn    x - ring of protection from fire
MPRegen 0.13/turn

%: no teleportation
@: heroic, finesse-ful
A: large, unfitting armour, claws 3, regeneration 1, shaggy fur 1, tough skin 1,
iridescent scales 1, clever 1, cold resistance 1
a: Renounce Religion, Heroism, Finesse, Duel


You were in a Gauntlet.
You worshipped Okawaru.
Okawaru was extremely pleased with you.
You visited 2 branches of the dungeon, and saw 12 of its levels.
You also visited: Gauntlet.

You collected 582 gold pieces.

Inventory:

Missiles
 f - 7 curare-tipped darts
 h - 20 poisoned darts (quivered)
 A - 6 large rocks
Armour
 b - a +1 kite shield (worn)
 k - a +0 cloak (worn)
 s - +0 steam dragon scales (worn)
Jewellery
 m - a ring of protection from fire (left claw)
 p - an amulet of regeneration (around neck)
 x - a ring of protection from fire (right claw)
 z - an amulet of reflection
 C - a ring of wizardry
Wands
 a - a wand of digging (6)
 l - a wand of flame (35)
 q - a wand of polymorph (12)
Scrolls
 e - a scroll of enchant armour
 i - 6 scrolls of teleportation
 n - a scroll of summoning
 o - 2 scrolls of fear
 v - 2 scrolls of poison
 y - a scroll of revelation
 B - a scroll of identify
Potions
 c - 2 potions of might
 d - 3 potions of heal wounds
 g - 3 potions of enlightenment
 j - a potion of berserk rage {unknown}
 r - 2 potions of invisibility {unknown}
 t - 2 potions of brilliance
 u - 2 potions of curing {unknown}
 w - a potion of magic {unknown}


   Skills:
 + Level 7.8(12.8) Fighting
 + Level 1.2(6.2) Throwing
 - Level 5.0(10.0) Armour
 - Level 3.0(8.0) Dodging
 - Level 6.0(11.0) Shields
 * Level 12.5(17.5) Unarmed Combat
 + Level 3.0 Invocations


You had 10 spell levels left.
You didn't know any spells.
Your spell library contained the following spells:

 Spells                   Type           Power      Damage    Failure   Level
 Blink                    Tloc           0%         N/A       71%         2
 Lesser Beckoning         Tloc           0%         N/A       71%         2
 Momentum Strike          Conj/Tloc      0%         3d8       71%         2
 Inner Flame              Hex/Fire       0%         N/A       90%         3
 Yara's Violent Unravell  Hex/Tmut       0%         3d3       100%        5
 Enfeeble                 Hex            0%         N/A       100%        7


Dungeon Overview and Level Annotations

Branches:
Dungeon (11/15)            Temple (1/1) D:6            Lair (0/5) D:11
Gauntlet (1/1)
    Orc: D:9-12

Altars:
Ashenzari
Cheibriados
Dithmenos
Elyvilon
Fedhas
Gozag
Hepliaklqana
Kikubaaqudgha
Makhleb
Nemelex Xobeh
Okawaru
Qazlal
Ru
Sif Muna
Trog
Uskayaw
Vehumet
Wu Jian
Xom
Yredelemnul
Zin
The Shining One

Shops:
D:5 *   D:9 (

Annotations:
Gauntlet 3 runed translucent doors, 9 transporters


Innate Abilities, Weirdness & Mutations

You are too large for most types of armour.
You have claws for hands.
Your natural rate of healing is unusually fast.
You are covered in fur. (AC +1)
You have tough skin. (AC +1)
You are partially covered in iridescent scales. (AC +2)
Your mind is acute. (Int +4, Str/Dex -1)
Your flesh is cold resistant. (rC+)


Message History

You are electrocuted!!
You block the tengu warrior's attack. The tengu warrior claws you.
You miss the tengu warrior. You closely miss the tengu warrior.
You miss the tengu warrior.
The tengu warrior hits you with a +2 battleaxe of electrocution!
The tengu warrior pecks you.
* * * LOW HITPOINT WARNING * * *
The tengu warrior claws you.
* * * LOW HITPOINT WARNING * * *
The tengu conjurer gestures wildly while chanting.
The tengu conjurer conjures a globe of magical energy!
You block the tengu conjurer's attack. x2
The tengu conjurer claws you but does no damage.
A battlesphere comes into view.
There is a transporter landing site here.
You closely miss the tengu warrior. You closely miss the tengu warrior.
The tengu warrior hits you with a +2 battleaxe of electrocution!
* * * LOW HITPOINT WARNING * * *
The tengu warrior pecks you.
* * * LOW HITPOINT WARNING * * *
The tengu warrior claws you but does no damage.
You claw the tengu warrior!
The tengu warrior is moderately wounded.
You feel much better. You block the tengu conjurer's attack.
The tengu conjurer pecks you but does no damage.
You block the tengu conjurer's attack. The tengu conjurer hits you.
The tengu conjurer pecks you but does no damage.
The tengu conjurer claws you.
The tengu warrior hits you with a +2 battleaxe of electrocution!
* * * LOW HITPOINT WARNING * * *
You are electrocuted!
* * * LOW HITPOINT WARNING * * *
The tengu warrior completely misses you.
You block the tengu warrior's attack.
The tengu conjurer gestures at you while chanting.
The bolt of lightning hits you!!
You die...

#################################
#≈#≈#≈#≈#§#≈#≈#≈#≈#≈#≈#≈#≈#≈#§#§#
.§§...§.§........................
.................................
#########..###########..#########
.....#..#..#.........#..#.##p5.##
....#...#..#.##...##.#..###.###5.
.[..#...#..#..##.##..#..#...##.##
##©#....####...#@#...######....##
..###..©#©©#..Q.©#..©#©©#.#.##...
...#.##.####..Q#Q#..)####...##.##
..#....##..#..##.##.[#.. ..###
..#.....#..#.##... #.#.. ##..5
.#......#..#....... .#.. ##.##
#########..######### #.. #####
..................... .. .....
..∩................... .....


You could see a tengu warrior and 2 tengu conjurers.

Vanquished Creatures
  A cyclops (D:11)
  Joseph (D:7)
  An unseen horror (D:10)
  A raiju (Gauntlet)
  2 shadows
  A wyvern (D:11)
  22 yaks
  5 steam dragons
  4 vampire mosquitoes (D:11)
  A basilisk (D:11)
  Menkaure (D:5)
  Edmund (D:4)
  2 water moccasins
  A sky beast (D:8)
  3 black bears
  An ice beast (D:7)
  2 orc warriors
  3 ogres
  4 centaurs
  A phantom (D:5)
  2 kobold brigands
  Blork the orc (D:4)
  3 bullfrogs
  5 scorpions
  3 wights (D:7)
  12 killer bees
  3 howler monkeys
  3 crimson imps (D:9)
  4 hounds
  A gnoll bouda (D:6)
  2 jellies (D:6)
  7 orc priests
  A sleepcap (D:7)
  6 orc wizards
  7 adders
  6 gnolls
  3 white imps
  2 ufetubi
  A dart slug (D:3)
  30 orcs
  6 bats
  7 endoplasms
  A giant cockroach (D:3)
  5 goblins
  7 hobgoblins
  2 jackals (D:3)
  4 ball pythons
  3 frilled lizards
  11 kobolds
  2 rats (D:2)
  A butterfly (D:6)
209 creatures vanquished.

Notes
Turn   | Place    | Note
-------+----------+-------------------------------------------
     0 | D:1      | ryw the Troll Fighter began the quest for the Orb.
     0 | D:1      | Reached XP level 1. HP: 22/22 MP: 0/0
   752 | D:1      | Reached XP level 2. HP: 29/29 MP: 1/1
  1081 | D:2      | Reached XP level 3. HP: 33/36 MP: 2/2
  1658 | D:3      | Reached skill level 3 in Unarmed Combat
  1807 | D:3      | Reached XP level 4. HP: 44/44 MP: 3/3
  2248 | D:3      | Reached XP level 5. HP: 53/53 MP: 4/4
  2620 | D:4      | Reached skill level 4 in Unarmed Combat
  2628 | D:4      | Reached skill level 1 in Throwing
  2628 | D:4      | Reached XP level 6. HP: 33/61 MP: 3/5
  2915 | D:4      | Noticed Blork the orc
  2924 | D:4      | Killed Blork the orc
  3021 | D:4      | Noticed Edmund
  3027 | D:4      | Killed Edmund
  3028 | D:4      | Reached skill level 5 in Unarmed Combat
  3028 | D:4      | Reached XP level 7. HP: 68/68 MP: 6/6
  3297 | D:5      | Entered Level 5 of the Dungeon
  3336 | D:5      | Found Effin's Overcharged Wands.
  3478 | D:5      | Noticed Menkaure
  3523 | D:4      | Reached skill level 6 in Unarmed Combat
  3537 | D:5      | Killed Menkaure
  3637 | D:5      | Reached XP level 8. HP: 60/79 MP: 5/7
  3737 | D:5      | Reached skill level 5 in Shields
  3964 | D:5      | Reached skill level 7 in Unarmed Combat
  4121 | D:5      | Found a blossoming altar of Fedhas.
  4465 | D:6      | Reached skill level 5 in Fighting
  4677 | D:6      | Found an opulent altar of Gozag.
  4677 | D:6      | Found a snail-covered altar of Cheibriados.
  4683 | D:6      | Reached skill level 8 in Unarmed Combat
  4717 | D:6      | Found a staircase to the Ecumenical Temple.
  4730 | Temple   | Entered the Ecumenical Temple
  4756 | Temple   | Became a worshipper of Warmaster Okawaru
  4901 | D:7      | Reached skill level 1 in Invocations
  4901 | D:7      | Reached XP level 9. HP: 76/88 MP: 5/8
  4957 | D:7      | Found a bloodstained altar of Trog.
  5075 | D:7      | Reached * piety under Okawaru
  5076 | D:7      | Reached skill level 9 in Unarmed Combat
  5080 | D:7      | Noticed Joseph
  5193 | D:7      | Reached skill level 1 in Armour
  5299 | D:7      | Killed Joseph
  5458 | D:7      | Found an ornate altar of the Wu Jian Council.
  5863 | D:8      | Reached ** piety under Okawaru
  5864 | D:8      | Reached skill level 10 in Unarmed Combat
  6170 | D:8      | Reached XP level 10. HP: 78/100 MP: 11/11
  6351 | D:8      | Reached *** piety under Okawaru
  6556 | D:8      | Gained mutation: Your mind is acute. (Int +4, Str/Dex -1)
                  | [potion of mutation]
  6556 | D:8      | Gained mutation: You are occasionally teleported next to
                  | monsters. [potion of mutation]
  6556 | D:8      | Gained mutation: You are frail. (-10% HP) [potion of
                  | mutation]
  6563 | D:8      | Lost mutation: You are frail. (-10% HP) [potion of
                  | mutation]
  6563 | D:8      | Lost mutation: You are occasionally teleported next to
                  | monsters. [potion of mutation]
  6563 | D:8      | Gained mutation: You are partially covered in iridescent
                  | scales. (AC +2) [potion of mutation]
  6563 | D:8      | Gained mutation: Your flesh is cold resistant. (rC+)
                  | [potion of mutation]
  6647 | D:9      | Found Ucsecuuz's Antique Weapon Boutique.
  6932 | D:9      | Reached skill level 11 in Unarmed Combat
  7362 | D:9      | Found a shimmering altar of Xom.
  7415 | D:10     | Entered Level 10 of the Dungeon
  7697 | D:10     | Reached **** piety under Okawaru
  8018 | D:11     | Reached XP level 11. HP: 108/109 MP: 12/12
  8113 | D:11     | Reached skill level 12 in Unarmed Combat
  8124 | D:11     | Reached ***** piety under Okawaru
  8153 | D:11     | Reached skill level 5 in Armour
  8173 | D:11     | Found a staircase to the Lair.
  8202 | D:11     | Found a gate leading to a gauntlet.
  8217 | Gauntlet | Entered a Gauntlet
  8217 | Gauntlet | Found a runed translucent gate.
  8217 | Gauntlet | Found a transporter.
  8217 | Gauntlet | Found a transporter.
  8217 | Gauntlet | Found a transporter.
  8218 | Gauntlet | Found a transporter.
  8224 | Gauntlet | Found a runed translucent gate.
  8225 | Gauntlet | Found a runed translucent gate.
  8233 | Gauntlet | Found a transporter.
  8236 | Gauntlet | Found a transporter.
  8244 | Gauntlet | Found a transporter.
  8247 | Gauntlet | Found a transporter.
  8249 | Gauntlet | Noticed a glowing orange brain
  8251 | Gauntlet | Noticed a glowing orange brain
  8254 | Gauntlet | Noticed a white ugly thing
  8255 | Gauntlet | Found the +5 Lochaber axe {reach-cleave, Poleaxe Drain}
  8264 | Gauntlet | Found a transporter.
  8273 | Gauntlet | Found a transporter.
  8273 | Gauntlet | Noticed a wizard
  8275 | Gauntlet | Noticed a wizard
  8290 | Gauntlet | Found a transporter.
  8293 | Gauntlet | Found a transporter.
  8308 | Gauntlet | Noticed a tengu warrior
  8477 | Gauntlet | Killed from afar by a tengu conjurer

Illustrated notes

Levels and vault maps discovered:
D:1:      psy_arrival_whirlpool, layout_loops_ring
D:2:      layout_basic, hex_tiny, nicolae_figureground_sparkle
D:3:      layout_loops_corners
D:4:      layout_basic, uniq_edmund, uniq_blork_the_orc
D:5:      layout_gridville, mainiacjoe_overflow_chevrons,
          nicolae_shop_overcharged_wands, uniq_menkaure
D:6:      layout_rooms, gammafunk_temple_overflow_pools,
          minmay_temple_entry_butterflies
D:7:      layout_basic, nicolae_overflow_crystal_walls,
          nzn_wu_jian_contemplation, uniq_joseph
D:8:      layout_basic
D:9:      layout_loops_corners, led_xom_imps, serial_shops, shop
D:10:     layout_roguey, solitary_fountain
D:11:     layout_roguey, david_lair_generic, gauntlet_entry_generic
Temple:   kb_temple_of_zot
Gauntlet: minmay_gauntlet_mixed_big_or_small [nicolae_gauntlet_swirl,
          minmay_gauntlet_arena_77_run_for_it, gammafunk_gauntlet_arena_split_x,
          minmay_gauntlet_arena_77_museum, gammafunk_gauntlet_arena_crates,
          minmay_gauntlet_arena_77_radiant_squares,
          dreamdust_gauntlet_exit_labyrinth]

Skill      XL: |  1  2  3  4  5  6  7  8  9 10 11 |
---------------+----------------------------------+-----
Shields        | 3 4 5 6 |  6.0
Unarmed Combat | 3 4 5 6 8 10 11 12 | 12.5
Fighting       | 3 4 5 6 7 |  7.8
Dodging        | 3 |  3.0
Throwing       | 1 |  1.2
Invocations    | 1 3 |  3.0
Armour         | 2 4 5 |  5.0

Action                     |  1- 3 |  4- 6 |  7- 9 | 10-12 || total
---------------------------+-------+-------+-------+-------++-------
  Melee: Unarmed           |    80 |    82 |   213 |   254 ||   629
  Throw: Dart              |       |     5 |     3 |       ||     8
 Invoke: Heroism           |       |       |       |     1 ||     1
         Finesse           |       |       |       |     1 ||     1
    Use: Scroll            |     4 |     1 |     8 |     2 ||    15
         Potion            |       |       |     1 |     5 ||     6
   Stab: Sleeping          |     2 |       |       |       ||     2
 Armour: Robe              |    23 |    12 |    31 |       ||    66
         Steam dragon scal |       |       |    22 |    75 ||    97
  Dodge: Dodged            |    23 |    29 |    74 |    63 ||   189
  Block: Kite shield       |    36 |    29 |   109 |   102 ||   276

Table legend: (Time is in decaauts)
 A = Elapsed time spent in this place.
 B = Non-inter-level travel time spent in this place.
 C = Inter-level travel time spent in this place.
 D = Time resting spent in this place.
 E = Time spent auto-exploring this place.
 F = Levels seen in this place.
 G = Mean time per level.
                   A        B        C        D        E       F      G
               +--------+--------+--------+--------+--------+-----+--------+
         Total |   8440 |   8034 |    406 |    377 |   6054 |  13 |  649.2 |
       Dungeon |   8133 |   7775 |    358 |    277 |   6052 |  11 |  739.4 |
        Temple |     52 |      4 |     48 |      0 |      0 |   1 |   52.0 |
      Gauntlet |    253 |    253 |      0 |    100 |      2 |   1 |  253.0 |
               +--------+--------+--------+--------+--------+-----+--------+

Top non-repeatable levels by time:
     D:5: 1024 daAuts
     D:3: 951 daAuts
     D:8: 893 daAuts
     D:1: 833 daAuts
     D:9: 829 daAuts
     D:2: 802 daAuts
     D:7: 783 daAuts
     D:4: 748 daAuts
    D:10: 526 daAuts
     D:6: 481 daAuts
    D:11: 259 daAuts
Gauntlet: 253 daAuts
  Temple: 52 daAuts
